cohdb
Replays
Latest Replays
All Replays
Popular Replays
Top Player Replays
Match Explorer
How It Works
Community
CoH3 Stats
Reddit
Sign in to upload your games and track your stats! →
Sign in with Steam
Match 45514013
Unlisted
Match 45514013
Overview
Messages
Build Orders
End
Kradschützen Motorcycle Team
Selects Armored Support Battlegroup
Panzergrenadier Squad
250 Light Carrier
Construct Light Support Kompanie
Combat Half-tracks
Panzergrenadier Squad
Construct Mechanized Kompanie
Selects Superior Fire Drills
Assault Mechanized Group
Veteran Squad Leaders
8 Rad Armored Car
Support Armor Elements
Marder III Tank Destroyer
Selects Flammpanzer III Medium Tank
Emergency Repair Kits
Povke
Agua de Jamaica
0
0
Comments
sign in to comment!
No comments posted yet!